 Dungeon Crawl Stone Soup version 0.31-a0-889-g1a8549509d (webtiles) character file.

Game seed: 12025107592756220816

604222 Gergoth the Slayer (level 27, -8/220 HPs)
             Began as a Djinni Hedge Wizard on Oct 13, 2023.
             Was the Champion of Makhleb.
             Killed from afar by a red draconian (26 damage)
             ... with a searing blast
             ... on level 3 of the Realm of Zot on Oct 16, 2023.
             The game lasted 08:09:17 (73367 turns).

Gergoth the Slayer (Djinni Hedge Wizard)           Turns: 73367, Time: 08:09:17

Health: -8/220     AC: 31    Str: 11 (12) XL:     27
Gold:   3711       EV: 18    Int: 33 (35) God:    Makhleb [******] SH:  0 Dex: 19

rFire   . . .        H - +11 great sword "Wawack" {pain, *Corrode rN+++ Dex+7}
rCold   + + .        (shield currently unavailable)
rNeg    + + +        q - +3 ice dragon scales of Kukk {rF- rC++ Will+}
rPois   ∞            A - +2 helmet
rElec   +            l - +2 cloak
rCorr   .            T - +2 pair of gloves {Str+3}
SInv    .            (boots unavailable)
Will    +++++        t - amulet of Vitality {RegenMP++ Regen++}
Stlth   ++++         X - ring of the Everdark {rPois rC+ Will+++ Int+6 Dex-2}
HPRegen 2.16/turn    I - ring "Wisilun" {Ice rElec Will+ MP+9}
MPRegen 0.00/turn

%: corrode self (3%), infuse magic (-9 HP)
@: flying, studying Poison Magic
A: sickness immunity, fire resistance 2, cold vulnerability 2, float, innate
caster, HP casting, extra vitality 1, deterioration 2, strong-willed 1,
screaming 2, inability to read after injury 2
}: 4/15 runes: serpentine, barnacled, slimy, abyssal
a: Renounce Religion, Minor Destruction, Lesser Servant of Makhleb, Major
Destruction, Greater Servant of Makhleb


You were on level 3 of the Realm of Zot.
You worshipped Makhleb.
Makhleb was exalted by your worship.
You visited 12 branches of the dungeon, and saw 54 of its levels.
You visited the Abyss 3 times.
You also visited: Sewer and Wizlab.

You collected 7585 gold pieces.
You spent 3874 gold pieces at shops.

Inventory:

Hand Weapons
 s - the +4 great sword "Dinyhir" {venom, rElec rN+ Will++}
   (You took it off a mummy priest in a wizard's laboratory)

   rElec:     It insulates you from electricity.
   rN+:       It protects you from negative energy.
   Will++:    It greatly increases your willpower.
 H - the +11 great sword "Wawack" (weapon) {pain, *Corrode rN+++ Dex+7}
   (You found it on level 2 of the Elven Halls)

   Dex+7:     It affects your dexterity (+7).
   rN+++:     It renders you almost immune to negative energy.
   *Corrode:  It may corrode you when you take damage.
 L - a +7 triple sword of draining
 Z - a +9 eudemon blade of holy wrath
Armour
 b - a +1 kite shield of reflection
 i - +0 storm dragon scales
 j - the +0 ring mail of the Lost Path {rN+ SInv Stlth+}
   (You found it on level 3 of the Vaults)

   rN+:       It protects you from negative energy.
   SInv:      It lets you see invisible.
   Stlth+:    It makes you more stealthy.
 k - +0 pearl dragon scales
 l - a +2 cloak (worn)
 m - +7 gold dragon scales
 q - the +3 ice dragon scales of Kukk (worn) {rF- rC++ Will+}
   (You found it on level 3 of the Crypt)

   rF-:       It makes you vulnerable to fire.
   rC++:      It greatly protects you from cold.
   Will+:     It increases your willpower.
 A - a +2 helmet (worn)
 T - a +2 pair of gloves of strength (worn)
Jewellery
 c - a ring of resist corrosion
 e - a +6 ring of dexterity
 f - the ring "Sahakh Hudept" {*Corrode rF+ rN+ Str+6 Dex+3}
   (You took it off a necromancer on level 3 of the Crypt)

   [ring of strength]

   Str+6:     It affects your strength (+6).
   Dex+3:     It affects your dexterity (+3).
   rF+:       It protects you from fire.
   rN+:       It protects you from negative energy.
   *Corrode:  It may corrode you when you take damage.
 o - a ring of wizardry
 t - the amulet of Vitality (around neck) {RegenMP++ Regen++}
   (You bought it in a shop on level 1 of the Orcish Mines)

   [amulet of magic regeneration]

   RegenMP:   It increases your rate of magic regeneration.
   Regen++:   It increases your rate of health regeneration.
 B - a ring of see invisible
 I - the ring "Wisilun" (right hand) {Ice rElec Will+ MP+9}
   (You took it off Josephina on level 2 of the Realm of Zot)

   [ring of ice]

   Ice:       It enhances your ice magic.
   rF-:       It makes you vulnerable to fire.
   rC+:       It protects you from cold.
   rElec:     It insulates you from electricity.
   Will+:     It increases your willpower.
   MP+9:      It affects your magic capacity (+9).
 Q - a ring of fire
 X - the ring of the Everdark (left hand) {rPois rC+ Will+++ Int+6 Dex-2}
   (You took it off a daeva on level 3 of the Shoals)

   [ring of intelligence]

   Int+6:     It affects your intelligence (+6).
   Dex-2:     It affects your dexterity (-2).
   rC+:       It protects you from cold.
   rPois:     It protects you from poison Will+++: It greatly increases your
   willpower.
Wands
 p - a wand of flame (119)
 r - a wand of digging (40)
 C - a wand of quicksilver (41)
 G - a wand of charming (36)
 P - a wand of iceblast (32)
Scrolls
 a - 3 scrolls of blinking
 u - 13 scrolls of vulnerability
 v - 4 scrolls of immolation
 x - 6 scrolls of teleportation
 y - 4 scrolls of fear
 z - 5 scrolls of poison
 J - 6 scrolls of revelation
 K - 9 scrolls of fog
 M - 2 scrolls of butterflies
 N - a scroll of brand weapon
 S - 3 scrolls of silence
 V - 5 scrolls of enchant armour
Potions
 d - 9 potions of brilliance
 g - 22 potions of curing
 h - 7 potions of mutation
 n - 9 potions of heal wounds
 w - 3 potions of ambrosia
 D - 4 potions of haste
 E - 9 potions of might
 F - 5 potions of invisibility
 R - 8 potions of lignification
 U - 8 potions of cancellation
 W - 4 potions of attraction
 Y - 4 potions of resistance
Miscellaneous
 O - a phantom mirror


   Skills:
 + Level 24.5 Fighting
 + Level 17.2 Long Blades
 + Level 19.7 Armour
 + Level 18.1 Dodging
 - Level 12.1 Stealth
 - Level 4.0 Shields
 + Level 19.3 Spellcasting
 + Level 19.3 Conjurations
 + Level 19.3 Hexes
 + Level 19.3 Summonings
 + Level 19.3 Necromancy
 + Level 19.3 Translocations
 + Level 19.3 Transmutations
 + Level 19.3 Fire Magic
 + Level 19.3 Ice Magic
 + Level 19.3 Air Magic
 + Level 19.3 Earth Magic
 + Level 19.5 Poison Magic
 - Level 9.7 Invocations


You knew the following spells:

 Your Spells              Type           Power      Damage    Failure   Level
a - Magic Dart            Conj           100%       1d8       0%          1
b - Slow                  Hex            100%       N/A       0%          1
c - Blink                 Tloc           100%       N/A       0%          2
d - Call Imp              Summ           100%       N/A       0%          2
e - Mephitic Cloud        Conj/Pois/Air  100%       N/A       0%          3
f - Foxfire               Conj/Fire      100%       2x1d9     0%          1
g - Passwall              Tmut/Erth      85%        N/A       0%          2
h - Gell's Gravitas       Tloc           100%       N/A       0%          3
i - Vampiric Draining     Necr           100%       2d13      0%          3
j - Fireball              Conj/Fire      51%        3d20      1%          5
k - Yara's Violent Unrav  Hex/Tmut       51%        3d20      1%          5
l - Plasma Beam           Fire/Air       51%        2x1d66    1%          6
m - Spellforged Servitor  Conj/Summ      51%        N/A       1%          7
n - Simulacrum            Ice/Necr       63%        N/A       1%          6
o - Haunt                 Necr/Summ      51%        N/A       1%          7
p - Maxwell's Capacitive  Air            51%        ∞         9%          8
q - Ignition              Fire           51%        3d14      9%          8
r - Fire Storm            Conj/Fire      51%        8d13      80%         9
Your spell library was empty.

Dungeon Overview and Level Annotations

Branches:
Dungeon (15/15)            Temple (1/1) D:5            Lair (5/5) D:9
 Shoals (4/4) Lair:2        Snake (4/4) Lair:3        Slime (5/5) Lair:5
    Orc (2/2) D:11            Elf (3/3) Orc:2        Vaults (4/5) D:14
  Crypt (3/3) Vaults:3       Tomb (0/3) Crypt:3      Depths (4/4) D:15
    Zot (4/5) Depths:4      Sewer (visited)          WizLab (visited)

Altars:
Ashenzari
Cheibriados
Dithmenos
Elyvilon
Fedhas
Gozag
Hepliaklqana
Makhleb
Nemelex Xobeh
Okawaru
Qazlal
Ru
Trog
Uskayaw
Wu Jian
Xom
Yredelemnul
Zin
The Shining One
Jiyva

Shops:
D:6 :   D:7 =   D:11 [   D:13 :   Orc:1 *=:(   Orc:2 ?:(:   Elf:2 (
Shoals:1 (   Snake:1 *   Snake:2 :   Vaults:1 *[   Vaults:2 =   Vaults:4 (
Depths:1 *   Depths:2 !(!

Portals:
Hell: Depths:1 Depths:2 Depths:3 Depths:4
Abyss: Depths:2 Depths:3
Pandemonium: Depths:2 Depths:3
Ziggurat: Depths:4
Trove: D:14 (give +4 storm dragon scales)

Annotations:
D:4 exclusion: oklob plant
D:6 1 runed translucent door
Snake:2 1 runed translucent door, Armakuni's ghost, adept HuWn
Snake:4 Roxanne
Elf:2 3 runed translucent doors
Zot:2 4 transporters


Innate Abilities, Weirdness & Mutations

You are immune to sickness and miasma.
You are immune to poison.
Your flesh is very heat resistant. (rF++)
You are very vulnerable to cold. (rC--)
You float through the air rather than walking.
You learn spells naturally, not from books.
Your magical power is your life essence.
You have superior vitality. (+4 MHP)
Your body often deteriorates upon taking damage.
You are strong-willed. (Will+)
You frequently scream uncontrollably at your foes.
You sometimes lose the ability to read scrolls when taking damage.


Message History

As you read the scroll of teleportation, it crumbles to dust.
You feel strangely unstable.
You feel the Orb delaying your translocation!
Okay, then.
Casting: Haunt (mildly dangerous; 1% risk of failure)
Confirm with . or Enter, or press ? or * to list all spells.
Okay, then.
The purple draconian breathes dispelling energy at you.
The bolt of dispelling energy hits you!!
You feel strangely stable.
* * * LOW HITPOINT WARNING * * *
Unknown command.
The purple draconian breathes dispelling energy at you.
The bolt of dispelling energy misses you.
A moth of wrath comes into view.
You scream at the moth of wrath!
The electric golem blinks!
Casting: Haunt (mildly dangerous; 1% risk of failure)
Confirm with . or Enter, or press ? or * to list all spells.
Aiming: Haunt (mildly dangerous; 1% risk of failure)
Press: ? - help, Dir - move target, f/p - golden dragon
Aim: a golden dragon (lava, moderately wounded, berserk) Insubstantial figures form in the air.
* * * LOW HITPOINT WARNING * * *
The golden dragon is no longer berserk.
The golden dragon bites your wraith!!
The golden dragon claws your wraith but does no damage.
The golden dragon closely misses your wraith.
The golden dragon bites your wraith!!
Your wraith is destroyed!
Your wraith disappears in a puff of smoke!
The red draconian breathes fire at you. The searing blast hits you!!!
* * * LOW HITPOINT WARNING * * *
Your body deteriorates!
You feel weakened.
The purple draconian shifter breathes dispelling energy at you.
The bolt of dispelling energy hits your phantasmal warrior!!!
The bolt of dispelling energy misses you.
The red draconian breathes fire at you.
The searing blast misses your phantasmal warrior.
The searing blast hits you!!
You die...

##################
#☼§§§≈y≈≈≈≈§§≈≈≈≈≈
#@§≈≈WD.y§≈D≈.≈≈≈§
#§§.≈Wd...≈(....≈.
#§≈y.9..q.d......§
#≈§≈..d....>....DW.
#§§§...d...........y
≈≈§§................
≈≈..................
...!............
.............


You could see an electric golem, a golden dragon (slow, ally target), a purple
draconian, 2 draconians, a purple draconian shifter (catching breath), 2 moths
of wrath and 2 friendly phantasmal warriors.

Vanquished Creatures
  the Royal Jelly (Slime:5)
  6 dread liches
  Parghit (Depths:4)
  A Killer Klown (Zot:3)
  A curse toe (Zot:3)
  A profane servitor (Abyss:3)
  3 bone dragons
  2 golden dragons
  Norris (Depths:3)
  A shard shrike zombie (Crypt:3)
  4 tentacled monstrosities
  3 liches
  4 sphinxes
  2 quicksilver dragons
  A walking frostbound tome (Depths:3)
  2 deep elf blademasters (Elf:3)
  A deep elf master archer (Elf:3)
  15 acid blobs
  16 tentacled starspawn (Abyss:3)
  2 death cobs (Zot:3)
  4 ancient champions (Crypt:1)
  Aizul (Crypt:1)
  4 shadow dragons
  A tengu reaver (Depths:1)
  4 storm dragons
  Kirke (Lair:4)
  A draconian monk (Zot:3)
  11 azure jellies
  2 draconian knights
  6 rockslimes
  A daeva (Shoals:3)
  2 fire giants
  A draconian scorcher (Zot:1)
  2 caustic shrike zombies
  10 frost giants
  2 revenants
  7 vault wardens
  3 deep elf elementalists (Elf:3)
  6 curse skulls
  9 quicksilver oozes (Slime:5)
  A juggernaut zombie (WizLab)
  A ghost moth (Zot:2)
  A draconian stormcaller (Zot:3)
  A balrug (Depths:4)
  2 ghouls (Crypt:1)
  A cacodemon (Abyss:3)
  An orc warlord (Vaults:1)
  2 spriggan defenders (Depths:2)
  14 ironbound preservers
  4 reapers
  3 caustic shrike skeletons
  7 stone giants
  19 very ugly things
  13 ironbound thunderhulks
  3 formless jellyfish
  A starflower (Abyss:3)
  11 vampire knights
  3 white draconians
  A green draconian (Zot:1)
  7 deep elf demonologists
  7 dire elephants
  8 deep elf annihilators
  A red draconian (Depths:4)
  A spark wasp (Depths:4)
  3 purple draconians
  4 yellow draconians
  8 black draconians
  A lorocyproca (Abyss:3)
  12 deep elf death magi
  4 ettins
  8 merfolk impalers
  6 jiangshi
  3 mummy priests
  5 merfolk javelineers
  9 eidola
  3 fire dragons
  A green death (Abyss:3)
  An entropy weaver (D:14)
  A deep elf high priest (Elf:3)
  7 yaktaur captains
  5 vault guards (Vaults:4)
  An entropy weaver (shapeshifter) (D:15)
  9 great orbs of eyes
  A hell beast (Depths:4)
  An ogre mage (D:15)
  5 ice dragons
  2 spriggan skeletons
  5 rakshasas
  A merfolk avatar (Shoals:1)
  8 hydras
  2 death knights (Crypt:1)
  10 ironbound frosthearts
  10 centaur warriors
  3 two-headed ogres
  8 deep troll shamans
  A peacekeeper (Vaults:3)
  5 alligator snapping turtles
  6 merfolk aquamancers
  An anaconda (shapeshifter) (Elf:2)
  4 boulder beetles
  4 anacondas
  3 death yaks
  A satyr (Shoals:4)
  5 deep troll earth magi
  3 tengu warriors
  6 naga warriors
  13 vampire magi
  3 hell hogs
  2 spriggan berserkers
  12 dancing weapons
  10 thrashing horrors
  4 naga sharpshooters
  A titan zombie (WizLab)
  Urug (D:13)
  8 deep elf knights
  3 soul eaters (Crypt:3)
  2 hell knights
  3 orc high priests (Orc:2)
  A storm dragon zombie (WizLab)
  8 wretched stars (Abyss:3)
  35 large abominations
  A sea snake (shapeshifter) (Elf:1)
  3 shadow wraiths
  A shock serpent (Snake:3)
  3 sixfirhies (Abyss:3)
  8 skysharks
  6 iron trolls
  A spark wasp zombie (WizLab)
  A salamander mystic (Snake:3)
  3 cherubim
  A fire crab (Lair:3)
  14 skeletal warriors
  An iron giant zombie (Abyss:3)
  10 sea snakes
  A bunyip zombie (Crypt:3)
  40 deep trolls
  A shadow demon (Abyss:3)
  A flayed ghost (Abyss:3)
  An anaconda zombie (Abyss:3)
  A quicksilver dragon simulacrum (Depths:4)
  An orb spider (Abyss:3)
  An anaconda skeleton (Crypt:3)
  25 harpies
  3 bog bodies
  5 lindwurms
  7 glowing orange brains
  20 deep elf zephyrmancers
  17 necromancers
  8 orc knights
  13 ironbound convokers
  11 wizards
  16 phantasmal warriors
  25 starcursed masses (Abyss:3)
  9 deep elf archers
  A goliath frog zombie (Crypt:2)
  19 deep elf pyromancers
  2 oklob plants
  A mana viper (Snake:1)
  4 orc sorcerers (Orc:2)
  8 shining eyes
  13 manticores
  4 wolf spiders (Crypt:3)
  An iron dragon zombie (WizLab)
  11 fauns
  A frost giant zombie (Depths:1)
  6 cyclopes
  33 ugly things
  2 stone giant zombies
  A rust devil (Depths:3)
  2 dire elephant zombies (Crypt:3)
  12 moths of wrath
  2 worldbinders (Abyss:3)
  8 merfolk sirens
  4 salamanders
  2 centaur zombies (Crypt:3)
  A stone giant skeleton (Crypt:3)
  18 elephants
  A guardian serpent (shapeshifter) (D:15)
  2 draconians (Abyss:3)
  15 black mambas
  A black mamba (shapeshifter) (D:14)
  2 guardian serpents
  12 vault sentinels
  4 naga magi
  6 water nymphs
  2 molten gargoyles (Lair:5)
  7 cane toads
  An orange demon (Abyss:3)
  6 smoke demons (Abyss:3)
  A gargoyle (D:12)
  2 eyes of devastation (Slime:3)
  A hellion (Abyss:3)
  A torpor snail (D:9)
  6 rime drakes
  9 freezing wraiths
  3 efreet
  A minotaur zombie (Crypt:3)
  A dire elephant skeleton (Crypt:1)
  A yaktaur zombie (WizLab)
  A nameless horror (D:15)
  2 tengu conjurers
  4 kobold demonologists
  2 komodo dragons (shapeshifter)
  25 yaktaurs
  A death yak zombie (Crypt:2)
  7 ancient zymes
  2 guardian mummies
  A hydra zombie (Crypt:3)
  11 komodo dragons
  2 ice devils
  16 hellwings
  4 polar bears
  A yellow draconian skeleton (Crypt:2)
  18 merfolk
  A death drake zombie (Crypt:1)
  4 harpy zombies
  5 trolls
  4 hornets
  A polar bear (shapeshifter) (D:15)
  A hornet (shapeshifter) (Depths:3)
  A hydra skeleton (Crypt:3)
  4 wind drakes
  A blink frog (shapeshifter) (Abyss:3)
  3 ettin zombies
  3 spriggan zombies
  A merfolk (shapeshifter) (Abyss:3)
  2 harpy skeletons
  A raiju (shapeshifter) (Elf:2)
  37 blink frogs
  13 dream sheep
  18 raiju
  101 slime creatures
  A frost giant simulacrum (Depths:2)
  11 snapping turtles
  25 flying skulls
  A vampire (Abyss:3)
  An air elemental (Abyss:3)
  6 ynoxinuls (Abyss:3)
  A jumping spider (Crypt:3)
  6 shadows
  11 spriggans
  An ettin skeleton (Crypt:3)
  11 water elementals
  7 wyverns
  40 yaks
  A fire bat (Abyss:3)
  12 wraiths
  A neqoxec (Abyss:3)
  8 basilisks
  2 black mamba skeletons
  A fire elemental (Elf:3)
  5 chaos spawn (Abyss:3)
  4 hogs (Lair:4)
  Eustachio (D:4)
  17 golden eyes
  2 redbacks (Crypt:3)
  3 steam dragons
  19 nagas
  7 vampire mosquitoes
  A naga zombie (Crypt:3)
  A two-headed ogre zombie (Crypt:1)
  3 wargs
  15 water moccasins
  An acid dragon (D:10)
  A skyshark zombie (Crypt:2)
  A floating eye (Depths:3)
  4 hell hounds
  A naga skeleton (Crypt:3)
  Duvessa (D:4)
  A moth of wrath simulacrum (Zot:2)
  20 orc warriors
  2 black bears
  2 ice beasts (D:6)
  5 ogres
  A swamp dragon zombie (Crypt:1)
  8 wolves
  8 centaurs
  13 kobold brigands
  20 bullfrogs
  A necrophage (Crypt:1)
  A rime drake skeleton (Crypt:1)
  A two-headed ogre simulacrum (Lair:4)
  A gnoll sergeant (D:10)
  2 scorpions
  A cane toad simulacrum (Lair:4)
  2 earth elementals (Elf:3)
  21 small abominations
  3 wights
  12 wyvern skeletons
  A shapeshifter zombie (Crypt:2)
  A salamander skeleton (Crypt:1)
  Dowan (D:4)
  A warg skeleton (Crypt:1)
  11 killer bees
  An elephant simulacrum (Lair:4)
  2 electric eels (Snake:1)
  7 howler monkeys
  5 lava snakes (Lair:5)
  3 centaur skeletons
  A gnoll bouda (Orc:1)
  2 jellies
  A quasit (Abyss:3)
  19 orc priests
  Crazy Yiuf (D:5)
  6 hounds
  4 iguanas
  5 iron imps (Abyss:3)
  A human skeleton (D:6)
  Ijyb (D:5)
  19 orc wizards
  5 hell rats (Lair:4)
  Natasha (twice) (D:3)
  A spriggan simulacrum (Lair:4)
  A killer bee zombie (Crypt:1)
  2 mummies (Crypt:3)
  14 gnolls
  A river rat (D:4)
  8 adders
  2 shadow imps
  7 ufetubi
  6 worms
  56 orcs
  5 bats
  16 endoplasms
  3 giant cockroaches
  9 hobgoblins
  19 kobolds
  5 quokkas
  14 ball pythons
  5 frilled lizards
  4 goblins
  13 rats
  13 starspawn tentacles
2012 creatures vanquished.

Vanquished Creatures (collateral kills)
  An ancient lich (Crypt:1)
  Josephina (Zot:2)
  2 caustic shrikes (D:15)
  The ghost of Gathuos the Earth Mage, an adept OpEE of Vehumet (Crypt:2)
  A golden dragon (Depths:3)
  A bone dragon (Depths:4)
  An electric golem (Zot:2)
  2 tentacled monstrosities
  2 liches
  A deep elf master archer (Elf:3)
  4 sphinxes
  An Executioner (Abyss:3)
  An ancient champion (Crypt:1)
  A quicksilver dragon (Depths:4)
  A tengu reaver (Depths:3)
  The ghost of Gawoomn the Slayer, an adept HOMo of Beogh (Depths:1)
  3 shadow dragons
  2 tentacled starspawn
  5 storm dragons
  5 rockslimes
  A draconian knight (Depths:4)
  3 nagarajas (Snake:4)
  An azure jelly (shapeshifter) (Depths:3)
  5 fire giants
  An iron dragon (Depths:4)
  4 frost giants
  Louise (Depths:3)
  A draconian scorcher (Zot:1)
  A draconian stormcaller (Depths:4)
  3 deep elf elementalists (Elf:3)
  3 vault wardens
  An angel (Abyss:3)
  4 cacodemons (Abyss:3)
  4 very ugly things (Depths:3)
  4 reapers
  3 vampire knights
  A quicksilver ooze (Slime:4)
  A war gargoyle (Vaults:4)
  An ironbound thunderhulk (Vaults:3)
  5 ironbound preservers
  6 stone giants
  A deep elf demonologist (Elf:3)
  A deep elf annihilator (Elf:3)
  3 black draconians
  5 dire elephants (Vaults:1)
  4 yellow draconians
  2 purple draconians
  A spark wasp (Depths:4)
  9 fire dragons
  An ettin (shapeshifter) (Depths:3)
  2 ettins
  3 white draconians
  A deep elf death mage (Elf:3)
  A merfolk javelineer (Depths:2)
  2 mummy priests (WizLab)
  A yaktaur captain (Vaults:1)
  2 jiangshi (Depths:3)
  2 great orbs of eyes
  2 deep elf high priests
  An ice dragon (Depths:2)
  2 vault guards (Vaults:1)
  A salamander tyrant (Snake:4)
  A quicksilver dragon skeleton (Crypt:2)
  An anaconda (Snake:4)
  3 spriggan air magi
  2 rakshasas
  A radroach (shapeshifter) (Depths:2)
  A peacekeeper (Vaults:4)
  3 centaur warriors
  3 ironbound frosthearts
  A boulder beetle (Vaults:3)
  A death knight (Abyss:3)
  A deep troll shaman (Depths:3)
  9 naga warriors
  A tengu warrior (Depths:3)
  5 deep troll earth magi
  A spriggan berserker (Depths:4)
  2 thrashing horrors (Abyss:3)
  3 shock serpents
  4 dancing weapons
  A hell knight (Depths:4)
  9 naga sharpshooters
  2 vampire magi (Depths:3)
  2 soul eaters (Crypt:3)
  7 wretched stars (Abyss:3)
  2 salamander mystics
  2 skysharks (Depths:3)
  6 iron trolls
  20 deep trolls
  A sixfirhy (Abyss:3)
  A skeletal warrior (Crypt:1)
  A deep troll (shapeshifter) (Vaults:2)
  A glowing orange brain (Abyss:3)
  4 naga ritualists
  A necromancer (Depths:2)
  11 large abominations (Abyss:3)
  A phantasmal warrior (Vaults:2)
  A tengu zombie (Depths:2)
  2 lindwurms
  2 deep elf pyromancers (Elf:3)
  4 ironbound convokers
  A fire giant zombie (Depths:2)
  2 wizards
  A shadow dragon skeleton (Crypt:2)
  2 mana vipers
  A deep elf zephyrmancer (Elf:3)
  2 shining eyes
  A draconian (Abyss:3)
  8 ugly things
  A faun (shapeshifter) (Depths:3)
  6 salamanders
  A moth of wrath (Zot:3)
  9 black mambas
  3 naga magi
  A demonspawn zombie (WizLab)
  2 orange demons (Abyss:3)
  A smoke demon (Abyss:3)
  3 rust devils (Depths:3)
  4 vault sentinels
  A storm dragon simulacrum (Zot:2)
  6 yaktaurs
  2 tengu conjurers
  A ghost moth simulacrum (Zot:2)
  3 ancient zymes (Abyss:3)
  A golden dragon simulacrum (Zot:2)
  A red devil (Depths:3)
  A blink frog (Abyss:3)
  A raiju (Abyss:3)
  10 small abominations (Abyss:3)
  A ynoxinul (Abyss:3)
  2 water elementals
  11 slime creatures
  2 flying skulls (Abyss:3)
  An air elemental (Elf:2)
  A fire elemental (Elf:1)
  A wraith (Abyss:3)
  A chaos spawn (Abyss:3)
  6 neqoxecs
  2 human zombies (WizLab)
  30 nagas
  2 floating eyes (Abyss:3)
  4 starcursed masses (Abyss:3)
  An earth elemental (Elf:2)
  An orc priest (D:9)
  An iron imp (Abyss:3)
  A swamp drake skeleton (Crypt:2)
  A shadow imp (Abyss:3)
  23 foxfires
  3 starspawn tentacles
433 creatures vanquished.

Vanquished Creatures (others)
  A tentacled monstrosity (Zot:3)
  A fire giant (Depths:4)
  A deep elf elementalist (Elf:3)
  A dire elephant (Abyss:3)
  A merfolk impaler (Shoals:3)
  A great orb of eyes (Vaults:3)
  A quicksilver dragon simulacrum (Zot:2)
  A lindwurm (Vaults:2)
  A naga mage (Snake:4)
  A molten gargoyle (Lair:5)
  A small abomination (Abyss:3)
  A quokka (D:6)
  2776 foxfires
  32 starspawn tentacles (Abyss:3)
2820 creatures vanquished.

Grand Total: 5265 creatures vanquished

Notes
Turn   | Place    | Note
-------+----------+-------------------------------------------
     0 | D:1      | Gergoth the Djinni Hedge Wizard began the quest for the
                  | Orb.
     0 | D:1      | Gergoth set off with the following spells memorised: Magic
                  | Dart, Slow, Blink, Call Imp, Mephitic Cloud.
     0 | D:1      | Reached XP level 1. HP: 15/15 MP: 0/0
   166 | D:1      | Reached XP level 2. HP: 16/21 MP: 0/0
   670 | D:1      | Reached XP level 3. HP: 16/26 MP: 0/0
   670 | D:1      | Learned a level 1 spell: Foxfire
  1040 | D:2      | Reached skill level 1 in Fighting
  1040 | D:2      | Reached skill level 1 in Armour
  1234 | D:2      | Found a faded altar of an unknown god.
  1572 | D:2      | Reached XP level 4. HP: 25/32 MP: 0/0
  2174 | D:3      | You are sucked into a shaft and drop 3 floors!
  2174 | D:6      | Found Ihetzots's Book Boutique.
  2222 | D:6      | Noticed a centaur
  2228 | D:7      | Noticed an ice beast
  2234 | D:6      | Gained mutation: You are strong-willed. (Will+) [potion of
                  | mutation]
  2234 | D:6      | Gained mutation: You are agile. (Dex +4, Str/Int -1)
                  | [potion of mutation]
  2246 | D:6      | Noticed a bullfrog
  2247 | D:6      | Killed a centaur
  2248 | D:6      | Reached skill level 2 in Fighting
  2248 | D:6      | Reached XP level 5. HP: 11/38 MP: 0/0
  2248 | D:6      | Learned a level 2 spell: Passwall
  2251 | D:6      | Found a runed translucent door.
  2251 | D:6      | Noticed a human
  2257 | D:6      | Found a basalt altar of Yredelemnul.
  2278 | D:6      | Killed a bullfrog
  2279 | D:6      | Reached XP level 6. HP: 5/45 MP: 0/0
  2315 | D:5      | Entered Level 5 of the Dungeon
  2563 | D:5      | Found a staircase to the Ecumenical Temple.
  2570 | D:5      | Noticed an ogre
  2572 | Temple   | Entered the Ecumenical Temple
  2590 | Temple   | Became a worshipper of Makhleb the Destroyer
  2692 | D:4      | Noticed Dowan
  2708 | D:4      | Found a hazy altar of Hepliaklqana.
  2723 | D:4      | Noticed Eustachio
  2773 | D:4      | Killed Eustachio
  2774 | D:4      | Reached skill level 3 in Fighting
  2774 | D:4      | Reached XP level 7. HP: 27/50 MP: 0/0
  2774 | D:4      | Learned a level 3 spell: Gell's Gravitas
  2993 | D:4      | Found a glowing drain.
  3023 | Sewer    | Entered a sewer
  3411 | Sewer    | Reached * piety under Makhleb
  3412 | Sewer    | Reached skill level 5 in Dodging
  3412 | Sewer    | Reached XP level 8. HP: 53/58 MP: 0/0
  3570 | Sewer    | Reached skill level 4 in Fighting
  4016 | D:4      | Noticed Duvessa
  4026 | D:4      | Killed Duvessa
  4035 | D:4      | Killed Dowan
  4301 | D:4      | Found a blossoming altar of Fedhas.
  4321 | D:4      | Noticed an oklob plant
  4935 | D:3      | Noticed Natasha
  4946 | D:3      | Killed Natasha
  5067 | D:3      | Noticed Natasha
  5076 | D:3      | Killed Natasha
  5250 | D:5      | Reached ** piety under Makhleb
  5286 | D:5      | Reached skill level 1 in Shields
  5409 | D:5      | Reached XP level 9. HP: 53/64 MP: 0/0
  5409 | D:5      | Learned a level 3 spell: Vampiric Draining
  5551 | D:5      | Reached skill level 5 in Fighting
  5551 | D:5      | Reached skill level 5 in Armour
  5656 | D:5      | Noticed Ijyb
  5673 | D:5      | Killed Ijyb
  5882 | D:5      | Found a runed translucent door.
  5883 | D:5      | Noticed Crazy Yiuf
  6040 | D:5      | Killed Crazy Yiuf
  6041 | D:5      | Reached skill level 5 in Spellcasting
  6041 | D:5      | Reached skill level 5 in Conjurations
  6041 | D:5      | Reached skill level 5 in Hexes
  6041 | D:5      | Reached skill level 5 in Summonings
  6041 | D:5      | Reached skill level 5 in Necromancy
  6041 | D:5      | Reached skill level 5 in Translocations
  6041 | D:5      | Reached skill level 5 in Transmutations
  6041 | D:5      | Reached skill level 5 in Fire Magic
  6041 | D:5      | Reached skill level 5 in Ice Magic
  6041 | D:5      | Reached skill level 5 in Air Magic
  6041 | D:5      | Reached skill level 5 in Earth Magic
  6041 | D:5      | Reached skill level 5 in Poison Magic
  6878 | D:6      | Found a white marble altar of Elyvilon.
  7376 | D:7      | Reached skill level 6 in Fighting
  7624 | D:6      | Reached XP level 10. HP: 50/73 MP: 0/0
  7727 | D:7      | Found Wocryl's Jewellery Shoppe.
  7735 | D:7      | Bought an amulet of regeneration for 360 gold pieces
  8192 | D:8      | Reached *** piety under Makhleb
  8306 | D:8      | Reached skill level 7 in Fighting
  9007 | D:8      | Reached skill level 8 in Fighting
  9302 | D:8      | Found an ornate altar of the Wu Jian Council.
  9584 | D:8      | Reached XP level 11. HP: 37/82 MP: 0/0
  9584 | D:8      | Learned a level 5 spell: Fireball
  9850 | D:9      | Found a staircase to the Lair.
  9870 | D:9      | Reached **** piety under Makhleb
 10230 | D:9      | Reached skill level 9 in Fighting
 10456 | D:9      | Found an iron altar of Okawaru.
 10690 | Lair:1   | Entered Level 1 of the Lair of Beasts
 10724 | D:10     | Entered Level 10 of the Dungeon
 10948 | D:10     | Found an opulent altar of Gozag.
 11427 | D:10     | Noticed an angel
 11429 | D:10     | Found a glowing silver altar of Zin.
 11718 | D:11     | Found Feihacw's Armour Emporium.
 11777 | D:11     | Noticed a manticore
 11793 | D:11     | Killed a manticore
 12100 | D:11     | Reached skill level 10 in Fighting
 12100 | D:11     | Reached skill level 10 in Armour
 12337 | D:11     | Noticed a boulder beetle
 12658 | D:11     | Noticed a boulder beetle
 12767 | D:11     | Found a staircase to the Orcish Mines.
 12767 | D:11     | Noticed a boulder beetle
 13088 | D:12     | Reached XP level 12. HP: 52/91 MP: 0/0
 13582 | D:13     | Identified the +3 sling of Esiotale {freeze, Dex+3}
 14098 | Lair:1   | Reached ***** piety under Makhleb
 14381 | Lair:1   | Noticed a boulder beetle
 14412 | Lair:1   | Reached skill level 11 in Fighting
 14945 | Lair:2   | Noticed a five-headed hydra
 15293 | Lair:2   | Killed a five-headed hydra
 15303 | Lair:2   | Reached skill level 1 in Invocations
 15334 | Lair:2   | Reached XP level 13. HP: 99/99 MP: 0/0
 15334 | Lair:2   | Learned a level 5 spell: Yara's Violent Unravelling
 16044 | Lair:2   | Found a staircase to the Shoals.
 16276 | Lair:3   | Noticed a four-headed hydra
 16335 | Lair:1   | Killed a four-headed hydra
 16336 | Lair:1   | Reached skill level 12 in Fighting
 16403 | Shoals:1 | Entered Level 1 of the Shoals
 17166 | Lair:3   | Noticed a six-headed hydra
 17197 | Lair:3   | Killed a six-headed hydra
 17274 | Lair:3   | Found a staircase to the Snake Pit.
 17520 | Lair:3   | Noticed a seven-headed hydra
 17606 | Lair:2   | Reached skill level 5 in Invocations
 18259 | Lair:3   | Reached XP level 14. HP: 103/108 MP: 0/0
 18894 | Lair:4   | Reached ****** piety under Makhleb
 18984 | Lair:4   | Reached skill level 13 in Fighting
 19421 | Lair:4   | Noticed Kirke
 19451 | Lair:4   | Killed Kirke
 19924 | Lair:5   | Entered Level 5 of the Lair of Beasts
 19935 | Lair:5   | Reached skill level 10 in Spellcasting
 19935 | Lair:5   | Reached skill level 10 in Conjurations
 19935 | Lair:5   | Reached skill level 10 in Hexes
 19935 | Lair:5   | Reached skill level 10 in Summonings
 19935 | Lair:5   | Reached skill level 10 in Necromancy
 19935 | Lair:5   | Reached skill level 10 in Translocations
 19935 | Lair:5   | Reached skill level 10 in Transmutations
 19935 | Lair:5   | Reached skill level 10 in Fire Magic
 19935 | Lair:5   | Reached skill level 10 in Ice Magic
 19935 | Lair:5   | Reached skill level 10 in Air Magic
 19935 | Lair:5   | Reached skill level 10 in Earth Magic
 19935 | Lair:5   | Reached skill level 10 in Poison Magic
 20165 | Lair:5   | Reached skill level 10 in Dodging
 20322 | Lair:5   | Found a viscous altar of Jiyva.
 20323 | Lair:5   | Found a staircase to the Slime Pits.
 20451 | Lair:5   | Identified the +4 flail of Context {freeze, rC+ Str+2}
 20995 | Lair:5   | Reached XP level 15. HP: 99/116 MP: 0/0
 20995 | Lair:5   | Learned a level 6 spell: Plasma Beam
 21221 | Lair:5   | Found a large runed translucent door.
 21221 | Lair:5   | Found a large runed translucent door.
 21723 | Orc:1    | Entered Level 1 of the Orcish Mines
 21724 | Orc:1    | Found Fudid's Antique Weapon Boutique.
 21835 | Orc:1    | Found Eggilewn's Book Shop.
 21938 | Orc:1    | Found Naclucit's Jewellery Emporium.
 22011 | Orc:1    | Found Yvuobba's General Store.
 22018 | Orc:1    | Bought a scroll of teleportation for 39 gold pieces
 22266 | Orc:2    | Entered Level 2 of the Orcish Mines
 22266 | Orc:2    | Found a staircase to the Elven Halls.
 23106 | Orc:2    | Reached skill level 14 in Fighting
 23246 | Orc:2    | Found Waton's Antique Weapon Emporium.
 23287 | Orc:2    | Found Yrareis's Magic Scroll Shop.
 23294 | Orc:2    | Bought a scroll of blinking for 82 gold pieces
 23294 | Orc:2    | Found Xoarphus's Book Shop.
 23296 | Orc:2    | Found Nahiagy's Book Emporium.
 23487 | Orc:2    | Upgraded the game from 0.31-a0-876-gfe8ebadbca to
                  | 0.31-a0-879-g1609e0ac53
 23517 | Orc:2    | Bought a scroll of teleportation for 33 gold pieces
 23579 | Elf:1    | Entered Level 1 of the Elven Halls
 23847 | Elf:1    | Noticed an Ice Fiend
 25176 | D:13     | Noticed Urug
 25187 | D:13     | Killed Urug
 25213 | D:13     | Reached skill level 1 in Long Blades
 25561 | D:13     | Found Erajo's Tremendous Tomes.
 26160 | D:14     | Found a portal to a secret trove of treasure.
 26393 | D:14     | Reached XP level 16. HP: 118/124 MP: 0/0
 26492 | D:14     | Found a gate to the Vaults.
 26724 | D:14     | Found a sparkling altar of Nemelex Xobeh.
 26887 | D:15     | Entered Level 15 of the Dungeon
 27441 | D:15     | Reached skill level 15 in Fighting
 27701 | D:15     | Found a staircase to the Depths.
 27779 | D:15     | Found a blossoming altar of Fedhas.
 27779 | D:15     | Found a broken altar of Ashenzari.
 27780 | D:15     | Found a hide-covered altar of Uskayaw.
 27939 | D:15     | Noticed a storm dragon
 28414 | Lair:2   | Reached skill level 5 in Long Blades
 29279 | Shoals:1 | Found Zupucatt's Weapon Emporium.
 29462 | Shoals:2 | Found a sacrificial altar of Ru.
 29519 | Shoals:2 | Reached XP level 17. HP: 131/133 MP: 0/0
 29519 | Shoals:2 | Learned a level 7 spell: Spellforged Servitor
 29879 | Shoals:3 | Reached skill level 16 in Fighting
 29967 | Shoals:4 | Entered Level 4 of the Shoals
 33260 | Shoals:4 | Identified the ring of the Everdark {rPois rC+ Will+++
                  | Int+6 Dex-2}
 33735 | Shoals:4 | Reached XP level 18. HP: 125/141 MP: 0/0
 33865 | Shoals:4 | Reached skill level 17 in Fighting
 34105 | Shoals:4 | Found a glowing golden altar of the Shining One.
 34304 | Shoals:4 | Found a glowing silver altar of Zin.
 34337 | Shoals:4 | Identified the +5 long sword of Triumph {holy, Str+3}
 34412 | Shoals:4 | Found a white marble altar of Elyvilon.
 34602 | Shoals:4 | Got a barnacled rune of Zot
 35379 | Snake:1  | Entered Level 1 of the Snake Pit
 35379 | Snake:1  | Found Gatav's General Store.
 35510 | Snake:1  | Bought a scroll of enchant armour for 135 gold pieces
 35510 | Snake:1  | Bought a scroll of teleportation for 54 gold pieces
 35904 | Depths:1 | Entered Level 1 of the Depths
 35904 | Depths:1 | Noticed a lich
 35904 | Depths:1 | Noticed a sphinx
 35904 | Depths:1 | Noticed a caustic shrike
 35905 | Depths:1 | Noticed a caustic shrike
 37519 | Orc:1    | Bought the amulet of Vitality {RegenMP++ Regen++} for 1600
                  | gold pieces
 37519 | Orc:1    | Found the amulet of Vitality {RegenMP++ Regen++}
 37579 | Orc:2    | Bought a manual of Stealth for 880 gold pieces
 37754 | Vaults:1 | Entered Level 1 of the Vaults
 38592 | Vaults:1 | Reached skill level 10 in Long Blades
 38998 | Vaults:1 | Reached skill level 5 in Stealth
 39094 | Vaults:1 | Reached XP level 19. HP: 97/150 MP: 0/0
 39094 | Vaults:1 | Learned a level 6 spell: Simulacrum
 39298 | Vaults:1 | Reached skill level 18 in Fighting
 39765 | Vaults:1 | Found Mioppacaomp's Assorted Antiques.
 39815 | Vaults:1 | Found Mocoda's Armour Boutique.
 40376 | Vaults:2 | Found a magical portal.
 40388 | WizLab   | Entered Doroklohe's Tomb
 40484 | WizLab   | Reached XP level 20. HP: 81/158 MP: 0/0
 40561 | WizLab   | Noticed a dread lich
 40571 | WizLab   | Killed a dread lich
 40592 | WizLab   | Identified the +4 great sword "Dinyhir" {venom, rElec rN+
                  | Will++}
 41094 | Vaults:2 | Found Qikot's Jewellery Shop.
 41181 | Vaults:2 | Reached skill level 10 in Stealth
 41816 | Vaults:3 | Reached skill level 19 in Fighting
 42301 | Vaults:3 | Found a staircase to the Crypt.
 42324 | Vaults:3 | Identified the +0 ring mail of the Lost Path {rN+ SInv
                  | Stlth+}
 42713 | Vaults:3 | Reached XP level 21. HP: 163/166 MP: 0/0
 42713 | Vaults:3 | Learned a level 7 spell: Haunt
 43768 | Snake:2  | Found a runed translucent door.
 43773 | Snake:2  | Noticed Armakuni's ghost (adept HuWn)
 43895 | Snake:2  | Found Effasefya's Tiny Tomes.
 44506 | Snake:4  | Entered Level 4 of the Snake Pit
 44506 | Snake:4  | Noticed Roxanne
 44687 | Snake:4  | Identified the +0 chain mail of the Pit {Fly Int+4 Dex-2}
 45202 | Snake:4  | Got a serpentine rune of Zot
 45553 | D:9      | Upgraded the game from 0.31-a0-879-g1609e0ac53 to
                  | 0.31-a0-881-ge136f0c47a
 45838 | D:15     | Killed a caustic shrike
 45885 | D:15     | HP: 7/167 [acid (11)]
 45889 | D:15     | Killed a caustic shrike
 46242 | Depths:1 | Identified the +0 chain mail of Iluol {Contam Int+6}
 46433 | Depths:1 | Reached XP level 22. HP: 175/175 MP: 0/0
 46443 | Depths:1 | Reached skill level 20 in Fighting
 46624 | Depths:1 | Reached skill level 15 in Spellcasting
 46624 | Depths:1 | Reached skill level 15 in Conjurations
 46624 | Depths:1 | Reached skill level 15 in Hexes
 46624 | Depths:1 | Reached skill level 15 in Summonings
 46624 | Depths:1 | Reached skill level 15 in Necromancy
 46624 | Depths:1 | Reached skill level 15 in Translocations
 46624 | Depths:1 | Reached skill level 15 in Transmutations
 46624 | Depths:1 | Reached skill level 15 in Fire Magic
 46624 | Depths:1 | Reached skill level 15 in Ice Magic
 46624 | Depths:1 | Reached skill level 15 in Air Magic
 46624 | Depths:1 | Reached skill level 15 in Earth Magic
 46624 | Depths:1 | Reached skill level 15 in Poison Magic
 46751 | Depths:1 | Found Bioskeha's General Store.
 46759 | Depths:1 | Bought a scroll of enchant armour for 105 gold pieces
 46978 | Depths:1 | Found a runed translucent gate.
 46978 | Depths:1 | Found a runed translucent gate.
 46978 | Depths:1 | Found a runed translucent gate.
 46978 | Depths:1 | Noticed Gawoomn's ghost (adept HOMo)
 46980 | Depths:1 | Found a basalt altar of Yredelemnul.
 47176 | Depths:1 | Found a gateway to Hell.
 47749 | Depths:2 | Found a one-way gate to the infinite horrors of the Abyss.
 48039 | Depths:2 | Found Soexiett's Distillery.
 48043 | Depths:2 | Found Oruble's Weapon Emporium.
 48044 | Depths:2 | Found Gyvol's Distillery.
 48557 | Depths:2 | Found a one-way gate leading to the halls of Pandemonium.
 48868 | Depths:3 | Noticed Norris
 48868 | Depths:3 | Noticed a golden dragon
 49114 | Depths:3 | Noticed Louise
 49140 | Depths:3 | Killed Louise
 49145 | Depths:3 | Killed a golden dragon
 49236 | Depths:3 | Killed Norris
 49248 | Depths:3 | Reached XP level 23. HP: 178/182 MP: 0/0
 49248 | Depths:3 | Learned a level 8 spell: Maxwell's Capacitive Coupling
 49501 | Depths:3 | You are sucked into a shaft and drop 1 floor!
 49501 | Depths:4 | Entered Level 4 of the Depths
 49775 | Depths:3 | Noticed a dread lich
 49992 | Depths:3 | Identified the +1 robe of Proximity {Rampage Int+4}
 50018 | Depths:3 | Killed a dread lich
 50534 | Depths:4 | Found a one-way gateway to a ziggurat.
 50561 | Depths:4 | Noticed Parghit
 50580 | Depths:4 | Killed Parghit
 50867 | Depths:4 | Reached skill level 21 in Fighting
 51115 | Depths:4 | Noticed a golden dragon
 51119 | Depths:4 | Killed a golden dragon
 51611 | Depths:4 | Reached skill level 15 in Long Blades
 51629 | Depths:4 | Reached skill level 15 in Dodging
 52001 | Depths:4 | Reached XP level 24. HP: 191/191 MP: 0/0
 52052 | Depths:4 | Found a gate to the Realm of Zot.
 52167 | Depths:4 | Found an opulent altar of Gozag.
 52699 | Vaults:1 | Bought a translucent leather armour for 196 gold pieces
 52699 | Vaults:1 | Identified the +0 leather armour of Activism {Harm rF-
                  | Regen+ rCorr} (You bought it in a shop on level 1 of the
                  | Vaults)
 53043 | Elf:2    | Paralysed by an air elemental for 1 turns
 53046 | Elf:2    | Paralysed by an air elemental for 1 turns
 53459 | Elf:2    | Found Taicw's Weapon Shoppe.
 53812 | Elf:2    | Identified the +11 great sword "Wawack" {pain, *Corrode
                  | rN+++ Dex+7}
 54112 | Elf:2    | Found a runed translucent gate.
 54112 | Elf:2    | Found a runed translucent gate.
 54112 | Elf:2    | Found a runed translucent gate.
 54290 | Elf:3    | Entered Level 3 of the Elven Halls
 54804 | Elf:3    | Reached skill level 15 in Armour
 55468 | Elf:3    | Identified the +10 morningstar "Soits" {heavy, Will++}
 55484 | Elf:3    | Identified the +7 orcbow "Winuton" {speed, rF++ rC++ Str-4}
 55875 | Elf:3    | Identified the +9 hand axe of Contention {elec, rElec
                  | Str+2}
 56618 | Slime:1  | Entered Level 1 of the Pits of Slime
 57362 | Crypt:1  | Entered Level 1 of the Crypt
 57666 | Crypt:1  | Reached XP level 25. HP: 161/197 MP: 0/0
 57666 | Crypt:1  | Learned a level 8 spell: Ignition
 58852 | Vaults:4 | Found Pirgh's Weapon Shoppe.
 59846 | Orc:1    | Bought a ring of wizardry for 390 gold pieces
 60280 | Crypt:1  | Found a huge runed gate.
 60280 | Crypt:1  | Found a huge runed gate.
 60280 | Crypt:1  | Found a huge runed gate.
 60280 | Crypt:1  | Found a huge runed gate.
 60280 | Crypt:1  | Found a huge runed gate.
 60285 | Crypt:1  | Found a huge runed gate.
 60285 | Crypt:1  | Found a huge runed gate.
 60285 | Crypt:1  | Found a huge runed gate.
 60285 | Crypt:1  | Found a huge runed gate.
 60287 | Crypt:1  | Found a huge runed gate.
 60294 | Crypt:1  | Found a huge runed gate.
 60294 | Crypt:1  | Found a huge runed gate.
 60294 | Crypt:1  | Found a huge runed gate.
 60294 | Crypt:1  | Found a huge runed gate.
 60294 | Crypt:1  | Found a huge runed gate.
 60294 | Crypt:1  | Found a huge runed gate.
 60295 | Crypt:1  | Found a huge runed gate.
 60296 | Crypt:1  | Found a huge runed gate.
 60297 | Crypt:1  | Found a huge runed gate.
 60309 | Crypt:1  | Noticed Aizul
 60324 | Crypt:1  | Killed Aizul
 60521 | Crypt:1  | Found a huge runed gate.
 60521 | Crypt:1  | Found a huge runed gate.
 60521 | Crypt:1  | Found a huge runed gate.
 60522 | Crypt:1  | Found a huge runed gate.
 60523 | Crypt:1  | Found a huge runed gate.
 60524 | Crypt:1  | Found a huge runed gate.
 60525 | Crypt:1  | Found a huge runed gate.
 60526 | Crypt:1  | Found a huge runed gate.
 60527 | Crypt:1  | Found a huge runed gate.
 60535 | Crypt:1  | Found a huge runed gate.
 60535 | Crypt:1  | Found a huge runed gate.
 60535 | Crypt:1  | Found a huge runed gate.
 60535 | Crypt:1  | Found a huge runed gate.
 60535 | Crypt:1  | Found a huge runed gate.
 60536 | Crypt:1  | Found a huge runed gate.
 60537 | Crypt:1  | Found a huge runed gate.
 60538 | Crypt:1  | Found a huge runed gate.
 60700 | Crypt:1  | Noticed a dread lich
 60700 | Crypt:1  | Noticed a dread lich
 60700 | Crypt:1  | Noticed an ancient lich
 60702 | Crypt:1  | Reached skill level 22 in Fighting
 60705 | Crypt:1  | Killed a dread lich
 60705 | Crypt:1  | Killed a dread lich
 60839 | Crypt:1  | Killed an ancient lich
 60994 | Crypt:1  | HP: 9/199 [jiangshi[a curse skull] (14)]
 61554 | Crypt:2  | Found a runed translucent door.
 61554 | Crypt:2  | Noticed Gathuos's ghost (adept OpEE)
 61577 | Crypt:2  | Killed Gathuos's ghost
 62433 | Crypt:3  | Entered Level 3 of the Crypt
 62538 | Crypt:3  | Reached XP level 26. HP: 194/206 MP: 0/0
 63533 | Crypt:3  | Identified the ring "Sahakh Hudept" {*Corrode rF+ rN+ Str+6
                  | Dex+3}
 63589 | Crypt:3  | Noticed a dread lich
 63589 | Crypt:3  | Noticed a dread lich
 63615 | Crypt:3  | Killed a dread lich
 63706 | Crypt:3  | Killed a dread lich
 63710 | Crypt:3  | Identified the +6 rapier of Entrepreneurial Spirit {drain,
                  | +Blink rPois Stlth+}
 63711 | Crypt:3  | Identified the +5 rapier "Ozous" {flame, Str+3}
 63847 | Crypt:3  | Identified the +1 chain mail of Buymn {+Blink rC+++ Will-
                  | rCorr}
 64483 | Crypt:3  | Found a staircase to the Tomb.
 64736 | Crypt:3  | Identified the +3 ice dragon scales of Kukk {rF- rC++
                  | Will+}
 65149 | Depths:2 | Voluntarily entered the Abyss.
 65149 | Abyss:1  | Found a corrupted altar of Lugonu.
 65395 | Abyss:3  | Found a corrupted altar of Lugonu.
 65409 | Abyss:3  | Paralysed by an air elemental for 1 turns
 65634 | Abyss:3  | Found a corrupted altar of Lugonu.
 65677 | Abyss:3  | Found a corrupted altar of Lugonu.
 65680 | Abyss:3  | Found a corrupted altar of Lugonu.
 65680 | Abyss:3  | Found a corrupted altar of Lugonu.
 65793 | Abyss:3  | Reached skill level 23 in Fighting
 65930 | Abyss:3  | Found a corrupted altar of Lugonu.
 65976 | Depths:2 | Escaped the Abyss
 65984 | Depths:2 | Voluntarily entered the Abyss.
 66293 | Abyss:3  | Reached XP level 27. HP: 211/215 MP: 0/0
 66293 | Abyss:3  | Learned a level 9 spell: Fire Storm
 66817 | Abyss:3  | Found a transporter.
 66843 | Abyss:3  | Found a transporter.
 66946 | Abyss:3  | Found a shadowy altar of Dithmenos.
 66952 | Abyss:3  | Gained mutation: You occasionally shout uncontrollably at
                  | your foes. [a neqoxec]
 67152 | Abyss:3  | Found a shadowy altar of Dithmenos.
 67274 | Depths:2 | Escaped the Abyss
 67328 | Depths:2 | Voluntarily entered the Abyss.
 67436 | Abyss:3  | Paralysed by a floating eye for 3 turns
 67503 | Abyss:3  | Gained mutation: You occasionally lose the ability to read
                  | scrolls when taking damage. [a shining eye]
 67507 | Abyss:3  | Gained mutation: Your body sometimes deteriorates upon
                  | taking damage. [a shining eye]
 67531 | Abyss:3  | Got an abyssal rune of Zot
 67560 | Abyss:3  | Found a corrupted altar of Lugonu.
 67572 | Abyss:3  | Found a corrupted altar of Lugonu.
 67641 | Depths:2 | Escaped the Abyss
 67707 | Zot:1    | Entered Level 1 of the Realm of Zot
 68079 | Zot:1    | Reached skill level 24 in Fighting
 68848 | Zot:2    | Identified the ring "Wisilun" {Ice rElec Will+ MP+9}
 68848 | Zot:2    | Noticed Josephina
 68857 | Zot:2    | Killed Josephina
 69640 | Slime:5  | Entered Level 5 of the Pits of Slime
 69829 | Slime:5  | Noticed the Royal Jelly
 69834 | Slime:5  | Killed the Royal Jelly
 70193 | Slime:5  | Got a slimy rune of Zot
 70230 | Slime:5  | Identified the +6 long sword "Lahifral" {protect, rF+}
 70233 | Slime:5  | Identified the ring "Toorysk" {rPois rC+ EV+5 Dex-4}
 70443 | Slime:5  | Gained mutation: Your body often deteriorates upon taking
                  | damage. [a shining eye]
 70445 | Slime:5  | Gained mutation: You are very vulnerable to cold. (rC--) [a
                  | shining eye]
 71619 | Depths:1 | Killed Gawoomn's ghost
 71628 | Depths:1 | Upgraded the game from 0.31-a0-881-ge136f0c47a to
                  | 0.31-a0-889-g1a8549509d
 71950 | Zot:2    | Found a transporter.
 71954 | Zot:2    | Found a transporter.
 71956 | Zot:2    | Found a transporter.
 71990 | Zot:2    | Found a transporter.
 72737 | Zot:3    | Noticed an orb of fire
 72741 | Zot:3    | Gained mutation: You frequently scream uncontrollably at
                  | your foes. [an orb of fire]
 72746 | Zot:3    | Gained mutation: You sometimes lose the ability to read
                  | scrolls when taking damage. [an orb of fire]
 72956 | Zot:3    | Noticed a Killer Klown
 72967 | Zot:3    | Killed a Killer Klown
 73321 | Zot:3    | Noticed an orb of fire
 73323 | Zot:3    | Lost mutation: You are agile. (Dex +4, Str/Int -1) [an orb
                  | of fire]
 73367 | Zot:3    | Killed from afar by a red draconian

Illustrated notes

Levels and vault maps discovered:
D:1:      nzn_arrival_water_spiral, layout_basic
D:2:      layout_loops_ring, dreamdust_ecumenical_altar_statues,
          minmay_distorted
D:3:      layout_loops_ring, uniq_natasha
D:4:      nicolae_cairo_tiling_large, layout_basic, tgw_fedhas,
          mainiacjoe_overflow_paths, portal_sewer_entry_b, grunt_decor_junction,
          grunt_decor_arrowhead, serial_bayou_ford_a, uniq_duvessa,
          uniq_eustachio
D:5:      layout_rooms, minmay_temple_entry_mist, kennysheep_generic_room_15,
          uniq_ijyb, uniq_crazy_yiuf_cottage
D:6:      layout_basic, elyvilon_altar_4, dk_yredelemnul_ordeal, serial_shops,
          nicolae_shop_temple_entry_statues_fountains
D:7:      layout_rooms, serial_shops, nicolae_shop_stone,
          kennysheep_generic_room_12
D:8:      kb_forest_paths, layout_basic, nzn_wu_jian_council_hall
D:9:      layout_basic, mainiacjoe_overflow_alcove_4, dpeg_oklobed_lair
D:10:     layout_basic, zin_angel, amcnicky_altar_gilded
D:11:     layout_stronghold, orc_0_dummy, serial_shops, nicolae_stop_n_shop_2,
          led_sif_pool
D:12:     layout_layer_cave
D:13:     layout_gridville, minmay_stone_trees_small, drop_trap,
          nicolae_shop_i_like_big_books, uniq_urug
D:14:     layout_long_grid, hellmonk_vaults_order_and_chaos, enter_trove_6,
          nemelex_xobeh_ov_fountains_minmay
D:15:     hangedman_slaughterboxes
Temple:   nicolae_temple_bog_church
Lair:1:   layout_regular_city
Lair:2:   layout_loops_ring, minmay_shoals_entry_centaurs, serial_forest,
          infiniplex_forest_clump_large, infiniplex_forest_clump_diagonal,
          infiniplex_forest_zigzag_1, infiniplex_forest_end_1,
          infiniplex_forest_clump_cross, infiniplex_staircase_pool_2
Lair:3:   layout_roguey, alex1729_snake_entry_snake,
          hangedman_lair_generics_rect
Lair:4:   dreamdust_isle_of_ice, layout_regular_city, uniq_kirke
Lair:5:   cheibrodos_lair_end_hotspot, layout_cave_shapes,
          minmay_slime_entry_pillars, serial_bayou_shore_b, serial_bayou_shore_b
Shoals:1: layout_shoals, serial_shops, shop, nicolae_shoals_land_atoll,
          nicolae_shoals_hidden_pirate_stash
Shoals:2: layout_shoals, lemuel_oklob_altar
Shoals:3: layout_shoals
Shoals:4: shoals_end_hellmonk_holy_island, serial_shops
Snake:1:  layout_layer_cave, serial_shops, shop, st_stairs_8,
          nicolae_triple_integral, grunt_megastairs_2, minmay_shop_grove,
          serial_bayou_shore_a
Snake:2:  layout_concentric_octagons, ebering_ghost_reflecting_pool,
          nicolae_shop_i_like_small_books_too, st_stairs_10, library_closet
Snake:3:  layout_layer_cave, nicolae_integral_box
Snake:4:  minmay_snake_end_coiled, layout_misc_corridors,
          nicolae_snake_gridmaze_entwining, serial_bayou_pond_c, uniq_roxanne
Slime:1:  layout_caves
Slime:2:  layout_caves
Slime:3:  layout_caves, amcnicky_altar_lugonu_corruption
Slime:4:  layout_caves
Slime:5:  slime_pit_nicolae_block_by_block
Orc:1:    layout_caves, serial_shops, nicolae_shop_back_alley_shop, shop, shop,
          shop, basic_altar, mines2_david
Orc:2:    st_orc_elflike, layout_caves
Elf:1:    eino_elf_arrival_sip, layout_geoelf_octagon, hangedman_elf_represent
Elf:2:    elven_hall_of_blades_hangedman_original
          [nicolae_blade_entry_sentries_behind_glass], layout_onion_city,
          serial_shops, nicolae_shop_tiny_real_fake_doors
Elf:3:    grunt_elf_hall_spiral, layout_loops_corners
Vaults:1: nicolae_vaults_trapezoid_lopsided_2,
          vaults_standard_mumra_enter_the_diamond, nicolae_vaults_tetromino_T_2,
          vaults_room_semicircle, v_alt_pattern_5, hangedman_vaults_impose,
          nicolae_vaults_quartermaster, v_pattern_4, vaults_room_large_hall,
          nicolae_vaults_storage_closets_2, vaults_dpeg_emergency_exit,
          nicolae_vaults_little_squares_3, dpeg_vaults_monster_box,
          nicolae_vaults_closet_pinwheel_3, layout_vaults_ring, serial_shops,
          shop
Vaults:2: infiniplex_enter_wizlab_glasses, vaults_room_octagon,
          nicolae_vaults_door_testing_chamber, ontoclasm_vaults_hangar,
          dpeg_vaults_waves, ontoclasm_vaults_eye, ontoclasm_vaults_fault,
          layout_vaults_maze_snakey, serial_shops, nicolae_shop_gaudy_bauble
Vaults:3: v_misc_17, v_rooms_5, v_alt_pattern_2, nicolae_vaults_minivaults,
          minmay_crypt_entry_simple_plaza, nicolae_vaults_oval_intersection,
          vaults_dpeg_hooks, ontoclasm_vaults_decontamination,
          vaults_dpeg_doors, vaults_mumra_hexcomb, v_misc_12,
          hangedman_vaults_pinch, nicolae_vaults_house_2, ontoclasm_vaults_chip,
          vaults_dpeg_ring, layout_vaults_big_cross
Vaults:4: nicolae_vaults_steering_wheel,
          nicolae_vaults_taking_the_gang_shopping, hangedman_vaults_cutoff,
          nicolae_vaults_specimen_jars, vaults_standard_mumra_enter_the_diamond,
          hangedman_vaults_stretched_pinwheel, vaults_room_hallway,
          hangedman_vaults_slice, nicolae_vaults_crenellated_ambush,
          layout_vaults_omnigrid
Crypt:1:  layout_rooms, ebering_dispersal_statue_hall, door_vault, uniq_aizul
Crypt:2:  layout_misc_corridors, hellmonk_ghost_happy_afterlife,
          nicolae_danse_macabre
Crypt:3:  evilmike_haunted_forest
Depths:1: minmay_ambush_box, layout_basic, pf_coc_iceberg,
          minmay_shop_grid_forest, nicolae_yredelemnul_ghost_church,
          grunt_megastairs_5
Depths:2: minmay_angry_zag, layout_gridlike, hell_entry, abyss_entry_glasseish,
          pan_entry, infiniplex_staircase_9_rooms, serial_bayou_shore_b,
          serial_bayou_shore_b, minmay_shop_star
Depths:3: cheibrodos_leafed_vault, layout_cave_pools,
          nicolae_figureground_sparkle, grunt_pan_entry_spiral, hell_entry,
          nicolae_abyss_entry_one_way_or_another, uniq_norris
Depths:4: grunt_zot_entry_gee_three, layout_twisted_cross, enter_ziggurat_b,
          grunt_mini_vestibule, hangedman_decor_diamond_cutter,
          grunt_gozag_breadcrumbs, uniq_parghit
Zot:1:    layout_gridlike
Zot:2:    layout_cathedral_of_symmetry, nicolae_transporter_circle,
          uniq_josephina
Zot:3:    grunt_zot_stairs_mandelzot, layout_basic, grunt_megastairs_4
Zot:4:    layout_cathedral_of_symmetry, zot_minivault_1, lemuel_elevator

Skill      XL: |  1  2  3  4  5  6  7  8  9 10 11 12 13 14 15 16 17 18 19 20 21 22 23 24 25 26 27 |
---------------+----------------------------------------------------------------------------------+-----
Spellcasting   | 3 4 5 6 7 8 9 10 11 12 13 14 15 16 17 18 19 | 19.3
Conjurations   | 3 4 5 6 7 8 9 10 11 12 13 14 15 16 17 18 19 | 19.3
Hexes          | 3 4 5 6 7 8 9 10 11 12 13 14 15 16 17 18 19 | 19.3
Summonings     | 3 4 5 6 7 8 9 10 11 12 13 14 15 16 17 18 19 | 19.3
Necromancy     | 3 4 5 6 7 8 9 10 11 12 13 14 15 16 17 18 19 | 19.3
Translocations | 3 4 5 6 7 8 9 10 11 12 13 14 15 16 17 18 19 | 19.3
Transmutations | 3 4 5 6 7 8 9 10 11 12 13 14 15 16 17 18 19 | 19.3
Fire Magic     | 3 4 5 6 7 8 9 10 11 12 13 14 15 16 17 18 19 | 19.3
Ice Magic      | 3 4 5 6 7 8 9 10 11 12 13 14 15 16 17 18 19 | 19.3
Air Magic      | 3 4 5 6 7 8 9 10 11 12 13 14 15 16 17 18 19 | 19.3
Earth Magic    | 3 4 5 6 7 8 9 10 11 12 13 14 15 16 17 18 19 | 19.3
Poison Magic   | 3 4 5 6 7 8 9 10 11 12 13 14 15 16 17 18 19 | 19.5
Fighting       | 1 2 3 4 6 8 10 11 12 13 14 15 16 17 18 19 20 21 22 23 24 | 24.5
Armour         | 1 2 3 4 6 8 10 11 12 13 14 15 16 17 19 | 19.7
Dodging        | 3 4 5 6 8 10 11 12 13 15 16 18 | 18.1
Shields        | 1 4 |  4.0
Invocations    | 1 5 7 9 |  9.7
Long Blades    | 2 6 8 10 11 12 13 14 15 16 17 | 17.2
Stealth        | 5 9 11 12 | 12.1

Action                     |  1- 3 |  4- 6 |  7- 9 | 10-12 | 13-15 | 16-18 | 19-21 | 22-24 | 25-27 || total
---------------------------+-------+-------+-------+-------+-------+-------+-------+-------+-------++-------
  Melee: Dagger            |     1 |       |       |       |       |       |       |       |       ||     1
         Hand axe          |       |    15 |       |       |       |       |       |       |       ||    15
         Spear             |       |    27 |   285 |   277 |   450 |       |       |       |       ||  1039
         Punch             |       |       |     3 |       |       |       |       |       |       ||     3
         Scimitar          |       |       |       |       |     6 |   546 |    44 |       |       ||   596
         Eudemon blade     |       |       |       |       |       |       |   137 |       |    53 ||   190
         Great sword       |       |       |       |       |       |       |   132 |   241 |  1279 ||  1652
   Cast: Magic Dart        |    76 |    28 |    20 |    17 |       |       |       |       |       ||   141
         Foxfire           |     7 |    17 |   117 |   638 |   639 |   159 |    14 |    16 |    17 ||  1624
         Mephitic Cloud    |       |     2 |       |    56 |   143 |   145 |    28 |    19 |     3 ||   396
         Call Imp          |       |       |     5 |    11 |     6 |       |     1 |       |       ||    23
         Blink             |       |       |     4 |     6 |    28 |    12 |     7 |     7 |    13 ||    77
         Gell's Gravitas   |       |       |     2 |       |     2 |       |     1 |     2 |       ||     7
         Passwall          |       |       |       |     4 |     4 |       |       |     2 |    18 ||    28
         Yara's Violent Un |       |       |       |       |   133 |    81 |    33 |    18 |    10 ||   275
         Fireball          |       |       |       |       |    51 |    74 |    37 |   109 |   115 ||   386
         Plasma Beam       |       |       |       |       |    23 |   204 |   145 |   231 |   391 ||   994
         Simulacrum        |       |       |       |       |       |       |   229 |   103 |    27 ||   359
         Spellforged Servi |       |       |       |       |       |       |     5 |     2 |     3 ||    10
         Haunt             |       |       |       |       |       |       |    33 |   112 |   161 ||   306
         Maxwell's Capacit |       |       |       |       |       |       |       |    22 |    52 ||    74
         Ignition          |       |       |       |       |       |       |       |       |    27 ||    27
 Invoke: Minor Destruction |       |       |       |       |       |     1 |       |       |       ||     1
         Lesser Servant of |       |       |       |       |       |       |     1 |       |       ||     1
  Evoke: Wand              |       |       |       |       |    14 |       |     6 |       |       ||    20
    Use: Scroll            |       |     6 |     6 |     9 |    15 |    10 |     6 |     9 |    22 ||    83
         Potion            |       |     1 |       |       |       |     1 |     3 |     1 |     6 ||    12
   Stab: Sleeping          |       |       |     2 |       |     1 |     2 |       |     3 |     6 ||    14
         Distracted        |       |       |     1 |     1 |       |       |     3 |     5 |    21 ||    31
         Confused          |       |       |       |     7 |    24 |    35 |     7 |     2 |       ||    75
 Armour: Robe              |     7 |     9 |    57 |   122 |       |       |       |       |       ||   195
         Ring mail         |       |    37 |    63 |       |       |       |    70 |   414 |   318 ||   902
         Leather armour    |       |       |       |   180 |   471 |   591 |   224 |       |       ||  1466
         Ice dragon scales |       |       |       |       |       |       |       |       |   954 ||   954
         Pearl dragon scal |       |       |       |       |       |       |       |       |   224 ||   224
  Dodge: Dodged            |     4 |    43 |   167 |   286 |   500 |   770 |   286 |   260 |  1129 ||  3445
  Block: Buckler           |       |       |    40 |   164 |   169 |   280 |    40 |       |       ||   693
         Kite shield       |       |       |       |       |       |       |       |       |    11 ||    11

Table legend: (Time is in decaauts)
 A = Elapsed time spent in this place.
 B = Non-inter-level travel time spent in this place.
 C = Inter-level travel time spent in this place.
 D = Time resting spent in this place.
 E = Time spent auto-exploring this place.
 F = Levels seen in this place.
 G = Mean time per level.
                   A        B        C        D        E       F      G
               +--------+--------+--------+--------+--------+-----+--------+
         Total |  73634 |  67087 |   6547 |  10388 |  19893 |  61 | 1207.1 |
       Dungeon |  20934 |  17698 |   3236 |   2313 |   8724 |  15 | 1395.6 |
        Temple |     31 |     31 |      0 |      0 |      0 |   1 |   31.0 |
          Lair |   9257 |   8514 |    743 |   1318 |   2324 |   5 | 1851.4 |
        Shoals |   6591 |   6452 |    139 |   1462 |    694 |   4 | 1647.8 |
     Snake Pit |   2154 |   2020 |    134 |    113 |    232 |   4 |  538.5 |
    Slime Pits |   1821 |   1707 |    114 |    166 |    716 |   5 |  364.2 |
  Orcish Mines |   2509 |   2107 |    402 |    425 |    739 |   2 | 1254.5 |
   Elven Halls |   4946 |   4790 |    156 |   1198 |    971 |   3 | 1648.7 |
        Vaults |   6924 |   6232 |    692 |    834 |   1836 |   4 | 1731.0 |
         Crypt |   4942 |   4837 |    105 |    693 |   1079 |   3 | 1647.3 |
        Depths |   7024 |   6321 |    703 |   1208 |   1339 |   4 | 1756.0 |
           Zot |   2918 |   2801 |    117 |    430 |    771 |   4 |  729.5 |
         Abyss |   2408 |   2408 |      0 |    145 |     42 |   5 |  481.6 |
         Sewer |    771 |    771 |      0 |     82 |    426 |   1 |  771.0 |
        Wizlab |    397 |    397 |      0 |      0 |      0 |   1 |  397.0 |
               +--------+--------+--------+--------+--------+-----+--------+

Top non-repeatable levels by time:
    D:15: 3052 daAuts
Shoals:3: 2938 daAuts
  Lair:2: 2522 daAuts
Vaults:1: 2345 daAuts
 Crypt:3: 2264 daAuts
 Abyss:3: 2221 daAuts
Depths:4: 2053 daAuts
   Elf:3: 2000 daAuts
  Lair:3: 1928 daAuts
  Lair:5: 1843 daAuts
Vaults:3: 1820 daAuts
    D:14: 1795 daAuts
Depths:2: 1785 daAuts
   Orc:2: 1784 daAuts
    D:11: 1768 daAuts
